 Dungeon Crawl Stone Soup version 0.27.1-35-g4d5d836560 (webtiles) character file.

Game seed: 2642316765158642484

214 cbfl8 the Sneak (level 5, -1/47 HPs)
             Began as a Minotaur Delver on Mar 18, 2022.
             Slain by an adder (3 damage)
             ... on level 5 of the Dungeon.
             The game lasted 00:02:20 (974 turns).

cbfl8 the Sneak (Minotaur Delver)                    Turns: 974, Time: 00:02:20

Health: -1/47      AC:  3    Str: 17    XL:     5   Next: 60%
Magic:  4/4        EV:  9    Int:  7    God:
Gold:   76         SH:  7    Dex: 12    Spells: 4/4 levels left

rFire    . . .     SeeInvis .   i - +0 war axe
rCold    . . .     Faith    .   k - +0 kite shield
rNeg     . . .     Spirit   .   b - +0 leather armour
rPois    .         Reflect  .   (helmet restricted)
rElec    .         Harm     .   (no cloak)
rCorr    .         Rampage  .   (no gloves)
Will     .....                  (no boots)
Stlth    +++.......             (no amulet)
HPRegen  0.15/turn              (no ring)
MPRegen  0.09/turn              (no ring)

@: lethally poisoned (-1 -> -3)
A: horns 2, retaliatory headbutt
a: no special abilities


You were on level 5 of the Dungeon.
You visited 1 branch of the dungeon, and saw 2 of its levels.

You collected 76 gold pieces.

Inventory:

Hand Weapons
 a - a +0 hand axe
 i - a +0 war axe (weapon)
Armour
 b - a +0 leather armour (worn)
 k - a +0 kite shield (worn)
Wands
 g - a wand of digging (3)
Scrolls
 c - a scroll of fog
 d - a scroll of torment {unknown}
 e - 2 scrolls of fear
 h - a scroll of vulnerability {unknown}
 j - a scroll of enchant armour {unknown}
Potions
 f - a potion of haste


   Skills:
 + Level 4.3 Fighting
 + Level 3.4 Axes
 + Level 1.6 Armour
 + Level 2.9 Dodging
 + Level 5.5 Stealth
 + Level 0.2 Shields


You had 4 spell levels left.
You didn't know any spells.
Your spell library was empty.

Dungeon Overview and Level Annotations

Branches:
Dungeon (6/15)
 Temple: D:4-7

Altars:


Innate Abilities, Weirdness & Mutations

You have a pair of horns on your head.
You reflexively headbutt those who attack you in melee.


Message History

The black bear barely misses you. The black bear claws you.
The black bear misses you.
You hit the black bear.
The black bear is severely wounded.
You block the black bear's attack. x3; The black bear bites you.
* * * LOW HITPOINT WARNING * * *
The black bear barely misses you. x2
You barely miss the black bear.
The black bear is severely wounded.
The black bear goes berserk!
You block the black bear's attack.
The black bear claws you but does no damage.
The black bear barely misses you.
You slash the black bear!
You kill the black bear!
The adder closely misses you.
Your Axes skill increases to level 3!
Your Armour skill increases to level 1!
You have reached level 5!
You hit the adder. Your headbutt misses the adder.
The adder is moderately wounded.
The adder bites you.
* * * LOW HITPOINT WARNING * * *
The adder closely misses you.
You hit the adder.
The adder is severely wounded.
You block the adder's attack. The adder bites you.
* * * LOW HITPOINT WARNING * * *
You are poisoned.
The adder poisons you! The adder closely misses you.
You hit the adder.
The adder is almost dead.
You feel very sick. The adder bites you.
* * * LOW HITPOINT WARNING * * *
The adder barely misses you.
You closely miss the adder. Your headbutt misses the adder.
The adder is almost dead.
You feel sick. The adder bites you.
* * * LOW HITPOINT WARNING * * *
The adder bites you.
You die...

,,,,,,,,,,,***
#..............#
*,,,,,,,,,,,,*
#.######.......#
*,*,,,,,,,,*,****#.#
#.......#
*,*******,,,,,,,*#.#
#.......# *,*
*,,,,,,,*#.# #.......#
*,* *,,,,,,,*#.#
#.......# *,*
**###,****#.#
##......# *,*
*,..$..####.# #.......
*,* *,......S@.(#
#....... *,*
*,......##### #.......
*,* *,.....,* #.......
*,* *,....,,* #.......
,,* *,...,,,* #.......
*** *,..,,,,* ######..
*,.,,,,,***##### #..
*****,*,,,,,...# #..
*,*******#.#########..


You could see an adder.

Vanquished Creatures
  A black bear (D:5)
  A centaur zombie (D:6)
  A jelly (D:6)
  A hound (D:5)
  A bullfrog skeleton (D:5)
  A quokka (D:5)
6 creatures vanquished.

Notes
Turn   | Place    | Note
-------+----------+-------------------------------------------
     0 | D:5      | cbfl8 the Minotaur Delver began the quest for the Orb.
     0 | D:5      | Reached XP level 1. HP: 19/19 MP: 0/0
    91 | D:6      | Reached XP level 2. HP: 20/27 MP: 1/1
    91 | D:6      | Reached XP level 3. HP: 25/33 MP: 2/2
   384 | D:6      | Noticed an ogre
   407 | D:6      | Reached skill level 5 in Stealth
   570 | D:5      | Reached XP level 4. HP: 28/40 MP: 3/3
   959 | D:5      | Noticed a black bear
   970 | D:5      | Killed a black bear
   971 | D:5      | Reached skill level 1 in Armour
   971 | D:5      | Reached XP level 5. HP: 14/47 MP: 4/4
   974 | D:5      | HP: 2/47 [adder (3)]
   974 | D:5      | Slain by an adder

Illustrated notes

Levels and vault maps discovered:
D:5:      layout_basic, lemuel_flame_loot_1, uniq_duvessa, uniq_sigmund
D:6:      layout_basic, temple_hall

Skill      XL: |  1  2  3  4 |
---------------+-------------+-----
Fighting       | 4 |  4.3
Stealth        | 5 |  5.5
Axes           | 3 |  3.4
Armour         | 1 |  1.6
Dodging        | |  2.9
Shields        | |  0.2

Action                   |  1- 3 |  4- 6 || total
-------------------------+-------+-------++-------
Melee: Hand axe          |     8 |       ||     8
       Headbutt          |     4 |     1 ||     5
       War axe           |    12 |    18 ||    30
  Use: Scroll            |     1 |       ||     1
 Stab: Sleeping          |     1 |       ||     1
Armor: Leather armour    |     6 |     9 ||    15
Dodge: Dodged            |    26 |    13 ||    39
Block: Kite shield       |       |    10 ||    10
